 Dungeon Crawl Stone Soup version 0.24-a0-784-g601f8f6d22 (webtiles) character file.

Game seed: 2722338903945351695, levelgen mode: deterministic

20383 Kohma the Peltast (level 12, 0/159 HPs)
             Began as a Minotaur Fighter on Oct 9, 2019.
             Was a High Priest of Okawaru.
             Slain by a 14-headed hydra (6 damage)
             ... on level 1 of the Lair of Beasts.
             The game lasted 00:45:47 (15808 turns).

Kohma the Peltast (Minotaur Fighter)               Turns: 15808, Time: 00:45:48

Health: 0/159      AC: 29    Str: 29    XL:     12   Next: 44%
Magic:  12/12      EV: 14    Int:  5    God:    Okawaru [*****.]
Gold:   356        SH: 15    Dex: 17    Spells: 11/11 levels left

rFire    + . .     SeeInvis .   a - +2 long sword (protect)
rCold    . . .     Gourm    .   c - +0 shield
rNeg     . . .     Faith    .   i - +3 chain mail {rPois}
rPois    +         Spirit   .   (helmet restricted)
rElec    .         Reflect  .   O - +2 cloak {rPois}
rCorr    .         Harm     .   x - +1 pair of gloves
MR       +....                  w - +1 pair of boots
Stlth    ..........             (no amulet)
HPRegen  0.36/turn              D - ring of protection from fire
MPRegen  0.13/turn              S - ring of protection from magic

@: agile, berserking, protection aura, very quick
A: retaliatory headbutt, horns 2
a: Heroism, Finesse, Renounce Religion


You were on level 1 of the Lair of Beasts.
You worshipped Okawaru.
Okawaru was extremely pleased with you.
You were hungry.

You visited 3 branches of the dungeon, and saw 14 of its levels.

You collected 606 gold pieces.
You spent 250 gold pieces at shops.

Inventory:

Hand Weapons
 a - a +2 long sword of protection (weapon)
Missiles
 g - 8 curare-tipped darts
 l - a throwing net
 C - 60 poisoned darts (quivered)
 Q - 4 boomerangs of dispersal
Armour
 c - a +0 shield (worn)
 i - a +3 chain mail of poison resistance (worn)
 w - a +1 pair of boots (worn)
 x - a +1 pair of gloves (worn)
 O - a +2 cloak of poison resistance (worn)
Jewellery
 D - a ring of protection from fire (left hand)
 S - a ring of protection from magic (right hand)
Wands
 e - a wand of flame (14)
 u - a wand of random effects (13)
 E - a wand of iceblast (6)
 G - a wand of polymorph (12)
 J - a wand of clouds (8)
Scrolls
 b - 3 scrolls of magic mapping
 h - a scroll of fear
 j - 3 scrolls of remove curse
 q - a scroll of amnesia
 r - 4 scrolls of immolation
 y - a scroll of identify
 B - 2 scrolls of enchant armour
 F - 5 scrolls of teleportation
 I - a scroll of blinking
 K - a scroll of silence
Potions
 d - 4 potions of might
 k - 3 potions of ambrosia
 n - 2 potions of resistance
 o - 4 potions of haste
 p - 4 potions of brilliance
 s - a potion of berserk rage
 t - 4 potions of curing
 v - a potion of lignification
 A - 2 potions of flight
 L - a potion of mutation
 M - a potion of magic {unknown}
Miscellaneous
 z - a lightning rod (1/4)
Comestibles
 f - 19 rations


   Skills:
 + Level 9.8 Fighting
 - Level 14.0 Long Blades
 - Level 10.0 Armour
 - Level 15.0 Shields
 * Level 1.9 Invocations
 * Level 1.6 Evocations


You had 11 spell levels left.
You didn't know any spells.
Your spell library contained the following spells:

 Spells                   Type           Power        Failure   Level  Hunger
 Animate Skeleton         Necr           N/A          91%         1    ##.....
 Apportation              Tloc           #.....       91%         1    ##.....
 Confusing Touch          Hex            #.....       91%         1    ##.....
 Summon Small Mammal      Summ           #...         91%         1    ##.....
 Ice Form                 Ice/Tmut       #.......     100%        4    #####..
 Bolt of Magma            Conj/Fire/Erth #.........   100%        5    ######.
 Iskenderun's Battlesphe  Conj/Chrm      #.......     100%        5    ######.
 Metabolic Englaciation   Hex/Ice        #.........   100%        5    ######.
 Venom Bolt               Conj/Pois      #.........   100%        5    ######.
 Bolt of Cold             Conj/Ice       #.........   100%        6    #######
 Freezing Cloud           Conj/Ice/Air   #.........   100%        6    #######
 Iron Shot                Conj/Erth      #.........   100%        6    #######
 Ozocubu's Refrigeration  Ice            #.........   100%        6    #######
 Simulacrum               Ice/Necr       #.........   100%        6    #######
 Orb of Destruction       Conj           #.........   100%        7    #######
 Spellforged Servitor     Conj/Summ      #.........   100%        7    #######


Dungeon Overview and Level Annotations

Branches:
Dungeon (12/15)            Temple (1/1) D:7            Lair (1/6) D:10
    Orc (0/2) D:11

Altars:
Ashenzari
Cheibriados
Dithmenos
Elyvilon
Fedhas
Gozag
Hepliaklqana
Kikubaaqudgha
Makhleb
Nemelex Xobeh
Okawaru
Qazlal
Ru
Sif Muna
Trog
Uskayaw
Vehumet
Wu Jian
Xom
Yredelemnul
Zin
The Shining One

Shops:
D:6 =   D:7 :

Annotations:
D:9 3 runed translucent doors, Keer's ghost, novice MiFi
D:12 2 runed translucent doors, Deroc's ghost, journeyman FoVM


Innate Abilities, Weirdness & Mutations

You reflexively headbutt those who attack you in melee.
You have a pair of horns on your head.


Message History

The 13-headed hydra bites you.
* * * LOW HITPOINT WARNING * * *
You block the 13-headed hydra's attack. x2
The 13-headed hydra closely misses you. x2
The 13-headed hydra barely misses you. You block the 13-headed hydra's attack.
The 13-headed hydra misses you. You block the 13-headed hydra's attack.
The 13-headed hydra bites you but does no damage.
The 13-headed hydra misses you.
The 13-headed hydra bites you but does no damage. x2
You slice one of the 13-headed hydra's heads off!
The 12-headed hydra grows two more!
You slash the 14-headed hydra!
The 14-headed hydra is lightly wounded.
You block the 14-headed hydra's attack. x3
The 14-headed hydra bites you but does no damage.
The 14-headed hydra misses you.
The 14-headed hydra completely misses you.
The 14-headed hydra bites you.
* * * LOW HITPOINT WARNING * * *
The 14-headed hydra bites you.
You die...

....## #.... ###
#...# #.#### #...#
#..#.# #... ##...##
#..###....#
#...###...##
#@.....P...#
#.....D.........##
...........#.....#
#...P#.....##...####
#...###...###......##
#... #.....#...#...#
##. #...#.........# .
....#.........#
#...#####..##


You could see a 14-headed hydra.

Vanquished Creatures
  Erolcha (D:11)
  A hydra (Lair:1)
  A two-headed ogre (D:8)
  3 death yaks (D:10)
  Pikel (D:4)
  3 ugly things
  The ghost of Gebura the Insei, a novice OpTm of Cheibriados (D:7)
  Maurice (D:9)
  Psyche (D:9)
  A rime drake (Lair:1)
  2 trolls
  A queen bee (D:10)
  2 hippogriffs
  6 slime creatures (D:12)
  A centaur simulacrum (D:12)
  A wraith (D:12)
  22 yaks
  A wyvern (D:8)
  A hungry ghost (D:12)
  3 vampire mosquitoes (D:12)
  A warg (D:11)
  2 water moccasins
  A porcupine (D:10)
  8 orc warriors
  4 sky beasts
  3 ice beasts
  A black bear (D:9)
  5 phantoms
  4 centaurs
  8 ogres
  A crocodile (Lair:1)
  9 bullfrogs
  A big kobold (D:8)
  3 scorpions
  A water moccasin skeleton (D:7)
  24 killer bees
  5 wights (D:11)
  An electric eel (D:10)
  4 howler monkeys
  2 crimson imps
  3 hounds
  A jelly (D:10)
  A centaur zombie (D:5)
  Crazy Yiuf (D:2)
  8 orc priests
  2 bullfrog skeletons
  Jessica (D:2)
  5 iguanas
  Ijyb (D:3)
  13 orc wizards
  7 hell rats (Lair:1)
  9 worker ants
  2 hound zombies
  A hound skeleton (D:10)
  A worker ant zombie (D:8)
  Robin (D:2)
  6 gnolls
  A howler monkey skeleton (D:7)
  13 adders
  A river rat (D:10)
  4 shadow imps
  An ooze (D:5)
  An adder zombie (D:8)
  3 worms
  2 dart slugs
  3 leopard geckos
  43 orcs
  5 giant cockroaches
  21 goblins
  6 hobgoblins
  11 jackals
  5 quokkas
  2 ball pythons
  9 bats
  7 frilled lizards
  A jackal skeleton (D:9)
  10 kobolds
  A leopard gecko skeleton (D:8)
  11 rats
366 creatures vanquished.

Vanquished Creatures (others)
  An orc wizard (D:5)
1 creature vanquished.

Grand Total: 367 creatures vanquished

Notes
Turn   | Place    | Note
-------+----------+-------------------------------------------
     0 | D:1      | Kohma the Minotaur Fighter began the quest for the Orb.
     0 | D:1      | Reached XP level 1. HP: 19/19 MP: 0/0
   199 | D:1      | Reached XP level 2. HP: 26/26 MP: 1/1
   868 | D:1      | Reached XP level 3. HP: 22/31 MP: 2/2
  1000 | D:2      | Found a faded altar of an unknown god.
  1064 | D:2      | Noticed Jessica
  1082 | D:2      | Killed Jessica
  1082 | D:2      | Reached skill level 5 in Long Blades
  1465 | D:2      | Reached XP level 4. HP: 39/39 MP: 3/3
  1851 | D:2      | Noticed Robin
  1857 | D:2      | Killed Robin
  1895 | D:2      | Found a runed translucent door.
  1907 | D:2      | Noticed Crazy Yiuf
  1912 | D:2      | Killed Crazy Yiuf
  2048 | D:3      | Noticed Ijyb
  2064 | D:3      | Killed Ijyb
  2064 | D:3      | Reached XP level 5. HP: 45/45 MP: 4/4
  2819 | D:4      | Reached XP level 6. HP: 41/51 MP: 5/5
  3213 | D:4      | Noticed a slave
  3216 | D:4      | Noticed a slave
  3220 | D:4      | Noticed Pikel
  3225 | D:4      | Noticed a slave
  3228 | D:4      | Noticed a slave
  3238 | D:4      | Killed Pikel
  3238 | D:4      | Reached skill level 10 in Long Blades
  3238 | D:4      | Reached XP level 7. HP: 12/57 MP: 6/6
  4122 | D:5      | Entered Level 5 of the Dungeon
  4202 | D:5      | Reached XP level 8. HP: 64/64 MP: 7/7
  4225 | D:5      | Found a bloodstained altar of Trog.
  5985 | D:6      | Found Nouw's Jewellery Boutique.
  6243 | D:6      | Reached skill level 4 in Shields
  6421 | D:6      | Reached XP level 9. HP: 67/70 MP: 8/8
  6624 | D:7      | Found a glowing golden altar of the Shining One.
  6998 | D:7      | Found Biystehu's Book Boutique.
  7001 | D:7      | Noticed a troll
  7017 | D:7      | Killed a troll
  7017 | D:7      | Reached skill level 5 in Armour
  7017 | D:7      | Reached skill level 5 in Shields
  7256 | D:7      | Found a staircase to the Ecumenical Temple.
  7297 | Temple   | Entered the Ecumenical Temple
  7400 | Temple   | Became a worshipper of Warmaster Okawaru
  7567 | D:7      | Found a runed translucent door.
  7582 | D:7      | Noticed Gebura's ghost (novice OpTm)
  7837 | D:7      | Reached skill level 6 in Shields
  8403 | D:8      | Reached * piety under Okawaru
  8450 | D:8      | Reached skill level 7 in Shields
  8496 | D:8      | Noticed a two-headed ogre
  8512 | D:8      | Killed a two-headed ogre
  8512 | D:8      | Reached skill level 8 in Shields
  8512 | D:8      | Reached XP level 10. HP: 18/77 MP: 9/9
  9226 | D:8      | Reached ** piety under Okawaru
  9543 | D:8      | Reached skill level 9 in Shields
  9579 | D:9      | Noticed Maurice
  9765 | D:9      | Killed Maurice
  9765 | D:9      | Reached *** piety under Okawaru
  9844 | D:9      | Noticed Psyche
  9859 | D:9      | Killed Psyche
  9889 | D:9      | You fall into a shaft and drop 2 floors!
  9889 | D:11     | Found a staircase to the Orcish Mines.
  9948 | D:11     | Reached skill level 10 in Armour
  9948 | D:11     | Reached skill level 10 in Shields
 10093 | D:11     | Noticed a cyan ugly thing
 10107 | D:11     | Killed a cyan ugly thing
 10107 | D:11     | Reached skill level 11 in Shields
 10223 | D:11     | Noticed a cyan ugly thing
 10233 | D:11     | Killed a cyan ugly thing
 10233 | D:11     | Reached **** piety under Okawaru
 10233 | D:11     | Reached XP level 11. HP: 85/85 MP: 10/10
 10280 | D:11     | Reached skill level 5 in Fighting
 10378 | D:10     | Entered Level 10 of the Dungeon
 10699 | D:9      | Found a runed translucent gate.
 10699 | D:9      | Found a runed translucent gate.
 10699 | D:9      | Found a runed translucent gate.
 10733 | D:9      | Noticed Keer's ghost (novice MiFi)
 10979 | D:7      | Killed Gebura's ghost
 11015 | D:6      | Bought an uncursed ring of protection from magic for 250
                  | gold pieces
 11664 | D:10     | Noticed a death yak
 11667 | D:10     | Noticed a death yak
 11668 | D:10     | Reached skill level 12 in Shields
 11670 | D:10     | Noticed a death yak
 11685 | D:10     | Killed a death yak
 11695 | D:10     | Killed a death yak
 11695 | D:10     | Reached ***** piety under Okawaru
 11695 | D:10     | Received a gift from Okawaru
 11719 | D:10     | Killed a death yak
 11951 | D:10     | Found a staircase to the Lair.
 12031 | D:10     | Reached skill level 13 in Shields
 12074 | D:10     | Received a gift from Okawaru
 13760 | D:12     | Noticed Erolcha
 13774 | D:11     | Killed Erolcha
 13774 | D:11     | Reached skill level 14 in Shields
 13774 | D:11     | Reached XP level 12. HP: 103/103 MP: 11/11
 13866 | D:12     | Found a hazy altar of Hepliaklqana.
 13942 | D:12     | Noticed a war gargoyle
 13943 | D:12     | Noticed Deroc's ghost (journeyman FoVM)
 13943 | D:12     | Noticed a lich
 13951 | D:12     | Noticed a centaur warrior
 14932 | D:12     | Found a runed translucent door.
 15033 | D:12     | Reached skill level 15 in Shields
 15049 | D:12     | Found a runed translucent door.
 15501 | Lair:1   | Entered Level 1 of the Lair of Beasts
 15590 | Lair:1   | Noticed a four-headed hydra
 15598 | Lair:1   | Killed a six-headed hydra
 15598 | Lair:1   | Reached skill level 1 in Invocations
 15598 | Lair:1   | Reached skill level 1 in Evocations
 15791 | Lair:1   | Noticed an eight-headed hydra
 15808 | Lair:1   | HP: 6/159 [14-headed hydra (3)]
 15808 | Lair:1   | Slain by a 14-headed hydra

Levels and vault maps discovered:
D:1:      minmay_arrival_loop, layout_loops_ring
D:2:      layout_loops_ring, first_ration, chequers_ecumenical_altar_island,
          uniq_jessica, uniq_crazy_yiuf_cottage, uniq_robin
D:3:      layout_loops_ring, uniq_ijyb
D:4:      kennysheep_big_flooded_room, layout_loops_corners, uniq_pikel
D:5:      layout_basic, bloody_trog
D:6:      layout_cave_pools, serial_shops, nicolae_shop_crystal
D:7:      layout_basic, minmay_temple_entry_glass, serial_shops, shop,
          gammafunk_ghost_grave, tso_metal_star
D:8:      layout_loops_cross
D:9:      layout_rooms, gammafunk_ghost_spectres, uniq_maurice, uniq_psyche
D:10:     layout_loops_ring, dpeg_lair_monsters, david_nohive_1,
          kennysheep_donut
D:11:     layout_irregular_city, erik_orc_3, hex_large
D:12:     layout_cave_pods, basic_altar, muffindrake_ghost_dual_entry,
          centaur_isle, uniq_erolcha
Temple:   kilobyte_greek_temple
Lair:1:   layout_concentric_octagons, kb_xom_exploding_sheep

Skill      XL: |  1  2  3  4  5  6  7  8  9 10 11 12 |
---------------+-------------------------------------+-----
Long Blades    | 3 4 5 6 7 10 11 13 14 | 14.0
Armour         | 4 8 10 | 10.0
Shields        | 4 8 11 14 15 | 15.0
Fighting       | 4 8 9 |  9.8
Invocations    | 1 |  1.9
Evocations     | 1 |  1.6

Action                   |  1- 3 |  4- 6 |  7- 9 | 10-12 || total
-------------------------+-------+-------+-------+-------++-------
Melee: Long sword        |    74 |   159 |   385 |   865 ||  1483
       Headbutt          |    12 |    23 |    84 |   202 ||   321
Throw: Dart              |       |    10 |    17 |     9 ||    36
Invok: Heroism           |       |       |       |     1 ||     1
Evoke: Lightning rod     |       |       |       |     3 ||     3
       Wand              |       |       |       |     1 ||     1
  Use: Scroll            |       |    10 |       |    19 ||    29
       Potion            |       |     1 |     2 |     3 ||     6
  Eat: Chunk             |     2 |     6 |    12 |    12 ||    32
       Ration            |       |       |     1 |     4 ||     5
Armor: Scale mail        |    44 |    65 |    55 |       ||   164
       Plate armour      |       |       |    91 |   223 ||   314
       Chain mail        |       |       |       |   188 ||   188
Dodge: Dodged            |    30 |    40 |    56 |   158 ||   284
Block: Shield            |    46 |    98 |   135 |   466 ||   745
       Rpst.: Long sword |     6 |    11 |    15 |    40 ||    72

Table legend:
 A = Non-vault XP
 B = Vault XP
 C = Vault XP percentage of total XP
 D = Non-vault monster count
 E = Vault monster count
 F = Vault count percentage of total count
                 A         B        C        D         E       F
            +---------+---------+-------+---------+---------+-------
      Total |   21321 |    7798 |  26.8 |     309 |      58 |  15.8
            +---------+---------+-------+---------+---------+-------
        D:1 |      40 |       0 |   0.0 |      18 |       0 |   0.0
        D:2 |      34 |     112 |  76.7 |      18 |      13 |  41.9
        D:3 |      84 |      36 |  30.0 |      28 |       1 |   3.4
        D:4 |     458 |     642 |  58.4 |      16 |       2 |  11.1
        D:5 |     750 |       0 |   0.0 |      29 |       0 |   0.0
        D:6 |     891 |       0 |   0.0 |      18 |       0 |   0.0
        D:7 |    1616 |     535 |  24.9 |      23 |       1 |   4.2
        D:8 |    3092 |       0 |   0.0 |      36 |       0 |   0.0
        D:9 |     742 |     881 |  54.3 |      12 |       2 |  14.3
       D:10 |    2599 |    3808 |  59.4 |      27 |      21 |  43.8
       D:11 |    2734 |    1784 |  39.5 |      27 |      18 |  40.0
       D:12 |    6548 |       0 |   0.0 |      46 |       0 |   0.0
     Lair:1 |    1733 |       0 |   0.0 |      11 |       0 |   0.0
            +---------+---------+-------+---------+---------+-------
